 Dungeon Crawl Stone Soup version 0.29-a0-334-gb41bcbb86e (webtiles) character file.

Game seed: 12134547873870895849

1905 GigaChad the Carver (level 8, 0/70 HPs)
             Began as a Minotaur Fighter on Apr 13, 2022.
             Was an Initiate of Yredelemnul.
             Slain by a dream sheep (6 damage)
             ... on level 7 of the Dungeon.
             The game lasted 00:18:30 (7479 turns).

GigaChad the Carver (Minotaur Fighter)              Turns: 7479, Time: 00:18:30

Health: 0/70       AC: 11    Str: 20    XL:     8   Next: 94%
Magic:  5/7        EV:  8    Int:  5    God:    Yredelemnul [......]
Gold:   336        SH:  5    Dex: 13    Spells: 7/7 levels left

rFire   . . .      SeeInvis .   a - +1 long sword
rCold   . . .      Faith    .   c - +0 buckler
rNeg    . . .      Spirit   .   n - +0 chain mail
rPois   .          Reflect  .   (helmet restricted)
rElec   .          Harm     .   (no cloak)
rCorr   .          Rampage  .   (no gloves)
Will    .....                   (no boots)
Stlth   ..........              (no amulet)
HPRegen 0.21/turn               (no ring)
MPRegen 0.10/turn               (no ring)

@: no status effects
A: horns 2, retaliatory headbutt
a: Renounce Religion, Recall Undead Harvest


You were on level 7 of the Dungeon.
You worshipped Yredelemnul.
Yredelemnul was noncommittal.
You visited 2 branches of the dungeon, and saw 8 of its levels.
You also visited: Ossuary.

You collected 336 gold pieces.

Inventory:

Hand Weapons
 a - a +1 long sword (weapon)
 l - a +0 scythe
 w - a +2 quarterstaff of chaos
 y - a +0 bardiche
Armour
 b - a +0 scale mail
 c - a +0 buckler (worn)
 i - a +4 ring mail
 n - a +0 chain mail (worn)
 C - a +2 cloak of stealth
Jewellery
 j - an amulet of faith
Wands
 m - a wand of iceblast (4)
 s - a wand of paralysis (4)
 x - a wand of flame (35)
 E - a wand of mindburst (17)
Scrolls
 p - a scroll of blinking
 q - a scroll of fog {unknown}
 z - a scroll of holy word
 A - a scroll of teleportation
 B - 2 scrolls of identify
Potions
 d - a potion of might
 e - 2 potions of magic {unknown}
 f - a potion of resistance {unknown}
 g - 3 potions of degeneration
 h - 3 potions of mutation {unknown}
 k - 4 potions of curing {unknown}
 o - a potion of haste {unknown}
 r - a potion of heal wounds {unknown}
 t - 5 potions of lignification {unknown}
 u - 3 potions of berserk rage {unknown}
 v - a potion of attraction
 D - a potion of ambrosia {unknown}


   Skills:
 + Level 6.1 Fighting
 + Level 9.4 Long Blades
 + Level 8.7 Armour
 + Level 2.0 Dodging
 + Level 1.4 Stealth
 + Level 4.9 Shields


You had 7 spell levels left.
You didn't know any spells.
Your spell library contained the following spells:

 Spells                   Type           Power      Damage    Failure   Level
 Foxfire                  Conj/Fire      0%         2x1d4     99%         1
 Conjure Flame            Conj/Fire      0%         6-21      100%        3
 Frozen Ramparts          Ice            0%         1d2       100%        3
 Ignite Poison            Fire/Tmut/Pois 0%         N/A       100%        3
 Inner Flame              Hex/Fire       0%         N/A       100%        3
 Animate Dead             Necr           0%         N/A       100%        4
 Flame Wave               Conj/Fire      0%         2d4       100%        4
 Ice Form                 Ice/Tmut       0%         N/A       100%        4
 Sticky Flame             Conj/Fire      0%         2d3       100%        4
 Summon Ice Beast         Ice/Summ       0%         N/A       100%        4
 Haunt                    Necr/Summ      0%         N/A       100%        7
 Infestation              Necr           0%         N/A       100%        8


Dungeon Overview and Level Annotations

Branches:
Dungeon (7/15)             Temple (1/1) D:6         Ossuary (visited)

Altars:
Ashenzari
Cheibriados
Gozag
Hepliaklqana
Makhleb
Nemelex Xobeh
Okawaru
Qazlal
Ru
Sif Muna
Trog
Uskayaw
Vehumet
Wu Jian
Xom
Yredelemnul
Zin
The Shining One


Innate Abilities, Weirdness & Mutations

You have a pair of horns on your head.
You reflexively headbutt those who attack you in melee.


Message History

You barely miss the dream sheep.
Your spectral jelly barely misses the dream sheep.
The dream sheep bites you but does no damage.
You completely miss the dream sheep.
The dream sheep bites you but does no damage.
Your spectral jelly hits the dream sheep.
The dream sheep closely misses you. You furiously retaliate!
You headbutt the dream sheep. The gnoll shaman completely misses you.
You furiously retaliate!
You headbutt the gnoll shaman, but do no damage.
The dream sheep bites you. The dream sheep bites you!
You hit the dream sheep but do no damage.
Your spectral jelly barely misses the dream sheep.
The dream sheep bites you. The dream sheep bites you!
The dream sheep bites you but does no damage.
The gnoll shaman barely misses you.
The dream sheep attacks as you move away!
The dream sheep bites you.
Your spectral jelly hits the dream sheep but does no damage.
The dream sheep shake their wool and sparkle.
You feel drowsy...
You fall asleep.
The dream sheep bites you!
You wake up.
* * * LOW HITPOINT WARNING * * *
You begin recalling your allies.
You finish recalling your allies.
Your spectral jelly barely misses the dream sheep.
The dream sheep closely misses you.
The dream sheep bites you but does no damage.
You hit the dream sheep. You headbutt the dream sheep.
The dream sheep is lightly wounded.
Your spectral jelly hits the dream sheep but does no damage.
The dream sheep bites you.
* * * LOW HITPOINT WARNING * * *
The dream sheep bites you.
* * * LOW HITPOINT WARNING * * *
You hit the dream sheep. You headbutt the dream sheep!
The dream sheep is severely wounded.
Your spectral jelly hits the dream sheep.
The dream sheep bites you.
You die...
Your body rises from the dead as a mindless zombie.

..............#.....#
#######.#
######.###....##.####
#.# #...........# #.#
###############..####
#.#
#......###..........#
#.#
....................#
########.#
#......###..........#
#........# #......#
#......Z...#
#.######## .......#
#.....Y@Y..#
#.#.....# #......#
#######Y####
#.#.###.# #......#
#...g.# #.#.# #.#
#....(.# #......#
#.#.# #.# #......#
.........# #.#.# #.#
#......# .##...####
#.#.# #.# ####.###
#### #.#.###.#
#.#..<#.# #.#####.#


You could see 3 dream sheep, a gnoll shaman and a friendly spectral jelly.

Vanquished Creatures
  The ghost of Psyclone the Frost Mage, a novice OpIE of Gozag (D:6)
  Maggie (D:6)
  Sigmund (D:6)
  A sky beast (D:6)
  A phantom (D:6)
  An elf zombie (Ossuary)
  A kobold brigand (D:6)
  A necrophage (D:6)
  A scorpion (D:6)
  2 centaur zombies (Ossuary)
  Crazy Yiuf (D:6)
  2 human zombies (Ossuary)
  A jelly (D:7)
  An orc priest (D:6)
  3 hounds
  2 iguanas (D:6)
  2 orc wizards
  3 mummies (Ossuary)
  6 adders
  A white imp (D:6)
  4 adder zombies (Ossuary)
  3 worms (D:3)
  4 dart slugs
  7 orcs
  9 ball pythons
  7 endoplasms
  2 giant cockroaches (D:1)
  A gnoll zombie (Ossuary)
  8 goblins
  11 hobgoblins
  3 bats
  2 frilled lizards
  3 goblin zombies (Ossuary)
  A hobgoblin zombie (Ossuary)
  2 jackal zombies (Ossuary)
  8 kobolds
  6 kobold zombies (Ossuary)
  4 orc zombies (Ossuary)
  7 quokka zombies (Ossuary)
  8 rats
  2 rat zombies (Ossuary)
135 creatures vanquished.

Vanquished Creatures (collateral kills)
  A hound (D:6)
  An iguana (D:6)
2 creatures vanquished.

Vanquished Creatures (others)
  A hound zombie (D:6)
  4 fungi (D:1)
5 creatures vanquished.

Grand Total: 142 creatures vanquished

Notes
Turn   | Place    | Note
-------+----------+-------------------------------------------
     0 | D:1      | GigaChad the Minotaur Fighter began the quest for the Orb.
     0 | D:1      | Reached XP level 1. HP: 19/19 MP: 0/0
   197 | D:1      | Reached XP level 2. HP: 19/27 MP: 1/1
   786 | D:1      | Reached XP level 3. HP: 33/33 MP: 2/2
  1437 | D:2      | Reached skill level 3 in Long Blades
  1806 | D:2      | Reached XP level 4. HP: 38/40 MP: 3/3
  2210 | D:3      | Reached skill level 1 in Dodging
  2364 | D:3      | Reached skill level 4 in Long Blades
  3032 | D:4      | Reached XP level 5. HP: 24/47 MP: 4/4
  3396 | D:4      | HP: 2/47 [something (1)]
  3853 | D:4      | Reached skill level 5 in Long Blades
  4105 | D:5      | Entered Level 5 of the Dungeon
  4109 | D:5      | You fall into a shaft and drop 1 floor!
  4115 | D:6      | Reached skill level 5 in Armour
  4181 | D:6      | Noticed Sigmund
  4187 | D:6      | Killed Sigmund
  4188 | D:6      | Reached XP level 6. HP: 49/53 MP: 5/5
  4326 | D:6      | Reached XP level 7. HP: 34/60 MP: 6/6
  4340 | D:6      | Found a sand-covered staircase.
  4351 | Ossuary  | Entered an ossuary
  4553 | Ossuary  | Reached skill level 6 in Long Blades
  4595 | Ossuary  | Reached skill level 5 in Fighting
  5343 | D:6      | Found a staircase to the Ecumenical Temple.
  5351 | D:6      | Reached skill level 7 in Long Blades
  5372 | Temple   | Entered the Ecumenical Temple
  5623 | Temple   | Became a worshipper of Yredelemnul the Dark
  5790 | D:6      | Found a runed translucent gate.
  5790 | D:6      | Found a runed translucent gate.
  5815 | D:6      | Noticed Psyclone's ghost (novice OpIE)
  5818 | D:6      | Found a runed translucent gate.
  5819 | D:6      | Noticed Maggie
  5840 | D:6      | Killed Maggie
  5841 | D:6      | Reached XP level 8. HP: 19/69 MP: 7/7
  5940 | D:6      | Reached skill level 8 in Long Blades
  6168 | D:6      | Killed Psyclone's ghost
  6321 | D:6      | Reached skill level 9 in Long Blades
  6321 | D:6      | Reached skill level 1 in Stealth
  6321 | D:6      | Reached * piety under Yredelemnul
  6561 | D:6      | Reached ** piety under Yredelemnul
  6719 | D:6      | Found a runed translucent door.
  6720 | D:6      | Noticed Crazy Yiuf
  6957 | D:6      | Killed Crazy Yiuf
  7467 | D:7      | Noticed a dream sheep
  7467 | D:7      | Noticed a dream sheep
  7468 | D:7      | Noticed a dream sheep
  7479 | D:7      | Slain by a dream sheep

Illustrated notes

Levels and vault maps discovered:
D:1:      dpeg_arrival_connections, layout_loops_ring, minmay_shallow_snake_nest
D:2:      layout_loops_corners
D:3:      layout_basic, st_stairs_13
D:4:      layout_basic
D:5:      layout_rooms, grunt_dithmenos_shadows, serial_co_window_serial,
          co_window_of_opportunity_a, co_window_of_opportunity_a,
          co_window_paths_a, co_window_corner_a, co_window_corner_a,
          co_window_paths_a, co_window_paths_a, co_window_broadway_a,
          co_window_broadway_c, co_window_corner_b, co_window_unsneaky_path_b,
          co_window_of_opportunity_b, co_window_paths_e, uniq_edmund,
          uniq_grinder
D:6:      layout_loops_corners, minmay_temple_entry_offerings,
          nicolae_ossuary_entry_plus, ebering_ghost_rock_garden,
          uniq_crazy_yiuf_cottage, uniq_sigmund, uniq_maggie
D:7:      layout_basic, serial_shops, shop, kennysheep_mini_moat,
          dreamdust_gnoll_shepherd
Temple:   mainiacjoe_temple_big_plus

Skill      XL: |  1  2  3  4  5  6  7  8 |
---------------+-------------------------+-----
Fighting       | 4 5 6 |  6.1
Armour         | 4 5 6 7 8 |  8.7
Shields        | 4 |  4.9
Long Blades    | 3 4 5 7 9 |  9.4
Dodging        | 1 2 |  2.0
Stealth        | 1 |  1.4

Action                   |  1- 3 |  4- 6 |  7- 9 || total
-------------------------+-------+-------+-------++-------
Melee: Long sword        |    86 |   101 |   243 ||   430
       Headbutt          |    12 |    12 |    54 ||    78
Invok: Recall Undead Har |       |       |     1 ||     1
  Use: Scroll            |     4 |     2 |     4 ||    10
 Stab: Distracted        |       |       |     2 ||     2
Armor: Scale mail        |    51 |    15 |       ||    66
       Chain mail        |       |    52 |   127 ||   179
Dodge: Dodged            |    53 |    46 |    64 ||   163
Block: Buckler           |    19 |    34 |    52 ||   105

Table legend: (Time is in decaauts)
 A = Elapsed time spent in this place.
 B = Non-inter-level travel time spent in this place.
 C = Inter-level travel time spent in this place.
 D = Time resting spent in this place.
 E = Time spent auto-exploring this place.
 F = Levels seen in this place.
 G = Mean time per level.
                   A        B        C        D        E       F      G
               +--------+--------+--------+--------+--------+-----+--------+
         Total |   7545 |   7525 |     20 |   1768 |   2072 |   9 |  838.3 |
       Dungeon |   6282 |   6262 |     20 |   1322 |   1864 |   7 |  897.4 |
        Temple |    386 |    386 |      0 |      0 |    208 |   1 |  386.0 |
       Ossuary |    875 |    875 |      0 |    446 |      0 |   1 |  875.0 |
               +--------+--------+--------+--------+--------+-----+--------+

Top non-repeatable levels by time:
     D:6: 1970 daAuts
     D:1: 1165 daAuts
     D:4: 1133 daAuts
     D:3: 951 daAuts
     D:2: 897 daAuts
 Ossuary: 875 daAuts
  Temple: 386 daAuts
     D:7: 161 daAuts
     D:5: 3 daAuts
